 Dungeon Crawl Stone Soup version 0.29-a0-284-gf9362112df (webtiles) character file.

Game seed: 4653012706931593646

36 YayAnonymity the Slasher (level 3, 0/29 HPs)
             Began as a Draconian Gladiator on Mar 25, 2022.
             Killed from afar by an orc wizard (2 damage)
             ... with a magic dart
             ... on level 3 of the Dungeon.
             The game lasted 00:02:10 (2216 turns).

YayAnonymity the Slasher (Draconian Gladiator)      Turns: 2216, Time: 00:02:11

Health: 0/29       AC:  5    Str: 16    XL:     3   Next: 19%
Magic:  3/3        EV: 13    Int:  8    God:
Gold:   51         SH:  0    Dex: 14    Spells: 2/2 levels left

rFire   . . .      SeeInvis .   a - +0 long sword
rCold   . . .      Faith    .   (no shield)
rNeg    . . .      Spirit   .   (body armour unavailable)
rPois   .          Reflect  .   b - +0 hat
rElec   .          Harm     .   (no cloak)
rCorr   .          Rampage  .   (no gloves)
Will    .....                   (no boots)
Stlth   +.........              (no amulet)
HPRegen 0.09/turn               (no ring)
MPRegen 0.08/turn               (no ring)

@: no status effects
A: AC +5, unfitting armour, cold-blooded
a: no special abilities


You were on level 3 of the Dungeon.
You visited 1 branch of the dungeon, and saw 3 of its levels.

You collected 51 gold pieces.

Inventory:

Hand Weapons
 a - a +0 long sword (weapon)
 n - a +0 great sword
Missiles
 c - 3 throwing nets (quivered)
 d - a javelin
Armour
 b - a +0 hat (worn)
Jewellery
 l - a ring of magical power
Scrolls
 f - a scroll of fog {unknown}
 h - a scroll of summoning {unknown}
 j - 4 scrolls of enchant weapon {unknown}
 k - a scroll of vulnerability {unknown}
 m - 2 scrolls of identify {unknown}
 o - a scroll of fear {unknown}
Potions
 e - 2 potions of attraction {unknown}
 g - a potion of flight {unknown}
 i - a potion of curing {unknown}
 p - a potion of haste {unknown}


   Skills:
 - Level 2.1 Fighting
 * Level 4.0 Long Blades
 - Level 1.7 Throwing
 + Level 3.1 Dodging


You had 2 spell levels left.
You didn't know any spells.
Your spell library was empty.

Dungeon Overview and Level Annotations

Branches:
Dungeon (3/15)

Altars:


Innate Abilities, Weirdness & Mutations

Your plain brown scales are hard. (AC +5)
You cannot fit into any form of body armour.
You are cold-blooded and may be slowed by cold attacks.


Message History

The magic dart hits you!
The orc wizard gestures wildly while chanting.
The orc wizard flickers and vanishes!
Deactivating autopickup; reactivate with Ctrl-A.
No target in view!
No target in view!
A magic dart appears from out of thin air!
The magic dart hits you! Something hits you.
You miss something. Something hits you but does no damage.
You miss something.
Your tail-slap misses something.
You hear some strange, mumbled words.
A magic dart appears from out of thin air!
The magic dart hits you.
* * * LOW HITPOINT WARNING * * *
A hobgoblin comes into view.
Something hits you but does no damage.
The hobgoblin shouts!
You hit something. Something hits you but does no damage.
You closely miss something.
Something hits you but does no damage. x2
You closely miss something. Something hits you but does no damage.
a - a +0 long sword (weapon)
Something hits you but does no damage.
You hit something. Something barely misses you.
You miss something. Something hits you.
* * * LOW HITPOINT WARNING * * *
You miss something.
Your tail-slap misses something.
Something hits you but does no damage.
The hobgoblin hits you but does no damage.
You hit something. The hobgoblin hits you.
* * * LOW HITPOINT WARNING * * *
Something hits you but does no damage.
You hit the hobgoblin.
The hobgoblin is almost dead.
Something hits you but does no damage. The hobgoblin hits you.
* * * LOW HITPOINT WARNING * * *
You hear some strange, mumbled words.
A magic dart appears from out of thin air!
The magic dart hits you.
You die...

#.########.#..
#..........#.
#.......#... #
####.......#..
#.##.......##....
#.{@...#.......#
#####g...#.......#
.................####
####................#
...................###
.........$......###....
..........$.##### ####.
...##.#....)# #..
..#......##.# #..


You could see a hobgoblin.

Vanquished Creatures
  An adder (D:2)
  5 ball pythons
  3 endoplasms
  5 hobgoblins
  5 bats
  2 frilled lizards
  2 goblins
  2 kobolds
  3 rats
28 creatures vanquished.

Notes
Turn   | Place    | Note
-------+----------+-------------------------------------------
     0 | D:1      | YayAnonymity the Draconian Gladiator began the quest for
                  | the Orb.
     0 | D:1      | Reached XP level 1. HP: 17/17 MP: 1/1
   546 | D:1      | Reached XP level 2. HP: 13/24 MP: 2/2
   722 | D:1      | Found a faded altar of an unknown god.
  1681 | D:2      | Reached XP level 3. HP: 29/29 MP: 3/3
  2164 | D:2      | Reached skill level 4 in Long Blades
  2216 | D:3      | Killed from afar by an orc wizard

Illustrated notes

Levels and vault maps discovered:
D:1:      eino_arrival_water_cross, layout_basic,
          shapermc_ecumenical_altar_starsandcircs
D:2:      layout_loops_ring
D:3:      layout_rooms, mainiacjoe_overflow_chevrons, amcnicky_altar_gilded,
          cheibrodos_sewer_entry_bend, hex_intersection,
          guppyfry_early_orc_mine, uniq_terence

Skill      XL: |  1  2  3 |
---------------+----------+-----
Dodging        | 3 |  3.1
Long Blades    | 4 |  4.0
Fighting       | |  2.1
Throwing       | |  1.7

Action                   || total
-------------------------++-------
Melee: Long sword        ||    66
       Tailslap          ||    16
       Great sword       ||    37
 Stab: Sleeping          ||     1
Armor: Skin              ||    48
Dodge: Dodged            ||   108

Table legend: (Time is in decaauts)
 A = Elapsed time spent in this place.
 B = Non-inter-level travel time spent in this place.
 C = Inter-level travel time spent in this place.
 D = Time resting spent in this place.
 E = Time spent auto-exploring this place.
 F = Levels seen in this place.
 G = Mean time per level.
                   A        B        C        D        E       F      G
               +--------+--------+--------+--------+--------+-----+--------+
         Total |   2250 |   2220 |     30 |    432 |   1485 |   3 |  750.0 |
       Dungeon |   2250 |   2220 |     30 |    432 |   1485 |   3 |  750.0 |
               +--------+--------+--------+--------+--------+-----+--------+

Top non-repeatable levels by time:
     D:1: 1196 daAuts
     D:2: 1019 daAuts
     D:3: 34 daAuts
